 Dungeon Crawl Stone Soup version 0.13.0-29-gdb529de (webtiles) character file.

246 Czerbonog the Ruinous (level 4, -2/27 HPs)
             Began as a High Elf Conjurer on Nov 7, 2013.
             Killed by nerve-wracking pain
             ... invoked by an orc priest
              (3 damage)
             ... on Level 4 of the Dungeon.
             The game lasted 00:12:52 (2915 turns).

Czerbonog the Ruinous (High Elf Conjurer)           Turns: 2915, Time: 00:12:53

HP  -2/27        AC  2     Str  7      XL: 4   Next: 45%
MP   0/10        EV 12     Int 19 (20) God:
Gold 147         SH  0     Dex 15      Spells:  2 memorised,  2 levels left

Res.Fire  : . . .   See Invis. : .   s - +0,+2 hand axe (chop)
Res.Cold  : . . .   Warding    : .   a - +0 elf robe
Life Prot.: . . .   Conserve   : .   (no shield)
Res.Poison: +       Res.Corr.  : .   (no helmet)
Res.Elec. : .       Clarity    : .   (no cloak)
Sust.Abil.: . .     Spirit.Shd : .   (no gloves)
Res.Mut.  : .       Stasis     : .   (no boots)
Res.Rott. : .       Flight     : .   o - amulet of the gourmand
Gourmand  : +                        (no ring)
                                     t - ring of poison resistance

@: slightly resistant to hostile enchantments, fairly stealthy
A: no striking features
a: no special abilities


You were on level 4 of the Dungeon.
You were very full.

You visited 1 branch of the dungeon, and saw 5 of its levels.

You collected 127 gold pieces.

Inventory:

Hand weapons
 e - a +0,+1 orcish dagger (quivered)
 h - a +0,+0 dagger
 s - a +0,+2 hand axe of chopping (weapon)
 u - a +1,+0 whip
Armour
 a - a +0 elven robe (worn)
 d - a +2 elven leather armour
Comestibles
 b - 4 bread rations
 i - 10 grapes
 k - a choko
 n - 6 sultanas
Scrolls
 f - 4 scrolls of remove curse {unknown}
 g - a scroll of noise {unknown}
 j - 3 scrolls of identify
 l - a scroll of blinking
 m - 2 scrolls of random uselessness {unknown}
 p - 3 scrolls of enchant armour {unknown}
 q - 2 scrolls of recharging {unknown}
 w - a scroll of enchant weapon II {unknown}
 x - a scroll of amnesia {unknown}
 y - a scroll of teleportation {unknown}
Jewellery
 o - an amulet of the gourmand (around neck)
 t - a ring of poison resistance (left hand)
Books
 c - a book of Conjurations

   Spells                             Type                      Level
   *Magic Dart                        Conjuration                  1
   *Searing Ray                       Conjuration                  2
   Dazzling Spray                     Conjuration/Hexes            3
   Iskenderun's Mystic Blast          Conjuration                  4
   Iskenderun's Battlesphere          Conjuration/Charms           4
   Fulminant Prism                    Conjuration/Hexes            5


   Skills:
 + Level 1.5 Fighting
 - Level 2.1 Dodging
 - Level 2.1 Stealth
 - Level 1.2 Spellcasting
 * Level 6.2 Conjurations


You had 2 spell levels left.
You knew the following spells:

 Your Spells              Type           Power        Failure   Level  Hunger
a - Magic Dart            Conj           ###.         1%          1    ##.....
b - Searing Ray           Conj           ###...       1%          2    ###....


Dungeon Overview and Level Annotations

Branches:
Dungeon (5/27)
 Temple: D:4-7

Altars:


Message History

The orc priest is heavily wounded.
The orc priest hits you with an orcish flail.
* * * LOW HITPOINT WARNING * * *
You aren't carrying any potions.
The searing ray hits the orc priest.
The orc priest is almost dead.
Without enough magic to sustain it, your searing ray dissipates.
The orc priest closely misses you.
Casting: Searing Ray
Confirm with . or Enter, or press ? or * to list all spells.
You don't know that spell.
Casting: Searing Ray
Confirm with . or Enter, or press ? or * to list all spells.
You don't have enough magic to cast that spell.
Unknown command.
You closely miss the orc priest.
The orc priest is almost dead.
The orc priest mumbles some strange prayers to Beogh against you.
Pain shoots through your body!
You die...

#..)#$..##..## .#...#.. #
#....%# #..###.....###.#
####.....# #..............#
..r......###.......⌠......#
###.......o...............
#.########.####.....###
#.##..#...#+ #.#.o.#...#
#.#@.##...#
#######...###### ##.......#
####....# #...## #...#
#.<.# #...# #####


You could see an orc priest.

Vanquished Creatures
  2 adders
  2 worms
  2 giant geckos (D:1)
  4 orcs (D:3)
  A ball python (D:3)
  7 bats
  8 goblins
  10 hobgoblins
  A quokka (D:2)
  6 giant cockroaches
  6 giant newts
  6 kobolds
  3 rats
58 creatures vanquished.

Notes
Turn   | Place    | Note
--------------------------------------------------------------
     0 | D:1      | Czerbonog, the High Elf Conjurer, began the quest for the Orb.
     0 | D:1      | Reached XP level 1. HP: 11/11 MP: 4/4
   171 | D:1      | Reached XP level 2. HP: 12/17 MP: 1/5
   264 | D:1      | Learned a level 2 spell: Searing Ray
   303 | D:1      | Reached skill level 5 in Conjurations
   899 | D:2      | Reached XP level 3. HP: 18/21 MP: 1/7
  1896 | D:3      | Reached skill level 1 in Fighting
  2055 | D:3      | Reached XP level 4. HP: 27/27 MP: 7/10
  2135 | D:3      | Reached skill level 6 in Conjurations
  2764 | D:5      | Entered Level 5 of the Dungeon
  2912 | D:4      | HP: 1/27 [orc priest/orcish flail (5)]
  2915 | D:4      | Killed from afar by an orc priest

Action                   |  1- 3 |  4- 6 || total
-------------------------+-------+-------++-------
Melee: Dagger            |     7 |       ||     7
       Hand axe          |       |     2 ||     2
 Cast: Magic Dart        |    63 |    38 ||   101
       Searing Ray       |     8 |     5 ||    13
  Use: Scroll            |     7 |       ||     7
       Potion            |     4 |       ||     4
